 Dungeon Crawl Stone Soup version 0.29.0-4-gdea44cf6ec (webtiles) character file.

Game seed: 16580507754297977669

58 apoch the Chopper (level 3, -1/31 HPs)
             Began as a Minotaur Fighter on Aug 27, 2022.
             Was a Follower of the Shining One.
             Slain by a gnoll
             ... wielding a +0 club
              (6 damage)
             ... on level 2 of the Dungeon.
             The game lasted 00:02:22 (1190 turns).

apoch the Chopper (Minotaur Fighter)                Turns: 1190, Time: 00:02:22

Health: -1/31      AC:  8    Str: 22    XL:     3   Next: 76%
Magic:  2/2        EV:  9    Int:  5    God:    the Shining One [*.....]
Gold:   70         SH:  4    Dex:  9    Spells: 2/2 levels left

rFire   . . .      SeeInvis .   a - +0 war axe
rCold   . . .      Faith    .   c - +0 buckler
rNeg    . . .      Spirit   .   b - +0 scale mail
rPois   .          Reflect  .   (helmet restricted)
rElec   .          Harm     .   j - +0 cloak
rCorr   .          Rampage  .   (no gloves)
Will    .....                   (no boots)
Stlth   ..........              (no amulet)
HPRegen 0.10/turn               (no ring)
MPRegen 0.08/turn               (no ring)

@: glowing
A: horns 2, retaliatory headbutt
a: Renounce Religion, Divine Shield


You were on level 2 of the Dungeon.
You worshipped the Shining One.
The Shining One was aware of your devotion.
You visited 1 branch of the dungeon, and saw 2 of its levels.

You collected 70 gold pieces.

Inventory:

Hand Weapons
 a - a +0 war axe (weapon)
Missiles
 i - 10 stones (quivered)
Armour
 b - a +0 scale mail (worn)
 c - a +0 buckler (worn)
 j - a +0 cloak (worn)
Scrolls
 e - a scroll of identify {unknown}
 g - a scroll of blinking {unknown}
Potions
 d - a potion of might
 f - 2 potions of curing {unknown}
 h - a potion of cancellation {unknown}


   Skills:
 - Level 3.6 Fighting
 + Level 4.9 Axes
 - Level 3.6 Armour
 - Level 3.6 Shields
 + Level 0.5 Invocations


You had 2 spell levels left.
You didn't know any spells.
Your spell library contained the following spells:

 Spells                   Type           Power      Damage    Failure   Level
 Shock                    Conj/Air       0%         1d3       88%         1
 Poisonous Vapours        Pois/Air       0%         N/A       95%         2
 Mephitic Cloud           Conj/Pois/Air  0%         N/A       99%         3
 Maxwell's Capacitive Co  Air            0%         ∞         100%        8


Dungeon Overview and Level Annotations

Branches:
Dungeon (2/15)

Altars:
The Shining One

Shops:
D:1 (


Innate Abilities, Weirdness & Mutations

You have a pair of horns on your head.
You reflexively headbutt those who attack you in melee.


Message History

No target in view!
j - a +0 cloak You start putting on your armour.
You continue putting on your +0 cloak. x4
You finish putting on your +0 cloak.
A hobgoblin comes into view.
The hobgoblin shouts!
The hobgoblin hits you but does no damage.
You slash the hobgoblin!
You kill the hobgoblin!
You see here a hobgoblin corpse.
You pick up the Precepts of Vapour and begin reading...
You add the spells Shock, Poisonous Vapours, Mephitic Cloud and Maxwell's Capacitive Coupling to your library.
i - 11 stones (gained 6)
Found a spear. 3 gnolls and a kobold come into view.
The gnoll shouts! x3
The gnoll moves out of view.
You throw a stone.
The stone hits the gnoll but does no damage.
The gnoll hits you from afar with a +0 spear.
A goblin comes into view. It is wielding a +0 dagger.
The gnoll hits you with a +0 spear.
The gnoll hits you from afar with a +0 halberd!
You slash the gnoll! You headbutt the gnoll.
You kill the gnoll!
A quokka comes into view.
The gnoll barely misses you.
You hit the gnoll.
The gnoll is moderately wounded.
The gnoll hits you from afar with a +0 halberd.
The gnoll hits you but does no damage.
You barely miss the gnoll.
The gnoll is lightly wounded.
A ball python comes into view.
The gnoll hits you from afar with a +0 halberd!
* * * LOW HITPOINT WARNING * * *
The gnoll hits you with a +0 club.
* * * LOW HITPOINT WARNING * * *
The gnoll attacks as you move away! The gnoll hits you with a +0 club.
You die... ##### #... #... #.S## ##r.. gKg

#g#
######@#
#......#
#.######
#.# #.#
#.# #.#
#.# #.#
#.# #.#
#)# #.#
#.#
#.#####
#.# #.#
#.##..


You could see 2 gnolls, a quokka, a goblin, a ball python (wandering) and a
kobold.

Vanquished Creatures
  A gnoll (D:2)
  A dart slug (D:1)
  2 bats (D:1)
  6 endoplasms (D:1)
  2 giant cockroaches (D:1)
  2 goblins (D:1)
  5 hobgoblins
  6 jackals (D:1)
  2 kobolds
  4 quokkas
  4 ball pythons
  2 frilled lizards (D:1)
  3 rats
40 creatures vanquished.

Vanquished Creatures (others)
  A plant (D:1)
1 creature vanquished.

Grand Total: 41 creatures vanquished

Notes
Turn   | Place    | Note
-------+----------+-------------------------------------------
     0 | D:1      | apoch the Minotaur Fighter began the quest for the Orb.
     0 | D:1      | Reached XP level 1. HP: 19/19 MP: 0/0
    74 | D:1      | Reached skill level 3 in Axes
    77 | D:1      | Found a faded altar of an unknown god.
    81 | D:1      | Prayed at the altar of an unknown god.
    81 | D:1      | Became a worshipper of the Shining One
    81 | D:1      | Reached * piety under the Shining One
    84 | D:1      | Reached XP level 2. HP: 22/26 MP: 1/1
   268 | D:1      | Reached skill level 4 in Axes
   277 | D:1      | Reached XP level 3. HP: 31/31 MP: 2/2
   285 | D:1      | Found Besih's Antique Weapon Emporium.
  1099 | D:2      | Got the Precepts of Vapour
  1190 | D:2      | Slain by a gnoll

Illustrated notes

Levels and vault maps discovered:
D:1:      wander_arrival_fairy_ring, layout_basic, serial_shops,
          nicolae_shop_competitors_out_of_business,
          hellmonk_ecumenical_altar_lost_god
D:2:      layout_loops_ring, uniq_sigmund, uniq_robin

Skill      XL: |  1  2 |
---------------+-------+-----
Axes           | 3 4 |  4.9
Fighting       | |  3.6
Armour         | |  3.6
Shields        | |  3.6
Invocations    | |  0.5

Action                   || total
-------------------------++-------
Melee: War axe           ||    55
       Headbutt          ||     9
Throw: Stone             ||    15
Armor: Scale mail        ||    15
Dodge: Dodged            ||    17
Block: Buckler           ||    12
